 Dungeon Crawl Stone Soup version 0.20.0-6-gd3061e9 (webtiles) character file.

101 MTVSty1e the Skirmisher (level 4, -2/29 HPs)
             Began as a Tengu Air Elementalist on May 28, 2017.
             Slain by inmateoo's ghost (8 damage)
             ... on level 3 of the Dungeon.
             The game lasted 00:06:52 (3794 turns).

MTVSty1e the Skirmisher (Tengu Air Elementalist)    Turns: 3794, Time: 00:06:52

Health: -2/29      AC:  9    Str:  9    XL:     4   Next: 75%
Magic:  8/8        EV:  3    Int: 15    God:
Gold:   181        SH:  4    Dex: 18    Spells: 6/7 levels left

rFire    + . .     SeeInvis .   l - +0 hand axe
rCold    + . .     Gourm    .   e - +0 buckler
rNeg     . . .     Faith    .   g - +0 chain mail
rPois    +         Spirit   .   (helmet restricted)
rElec    +         Reflect  .   q - +0 cloak
rCorr    +         Harm     .   (no gloves)
MR       .....                  (boots unavailable)
Stlth    ..........             i - amulet of rage
Regen    0.1/turn               n - +3 ring of dexterity
MPRegen  0.2/turn               (no ring)

@: resistant, hasted, very quick
A: beak, talons 3
a: Evoke Berserk Rage


You were on level 3 of the Dungeon.
You were not hungry.

You visited 1 branch of the dungeon, and saw 3 of its levels.

You collected 181 gold pieces.

Inventory:

Hand Weapons
 l - a +0 hand axe (weapon)
Armour
 e - a +0 buckler (worn)
 g - a +0 chain mail (worn)
 q - a +0 cloak (worn)
Jewellery
 i - an amulet of rage (around neck)
 n - a +3 ring of dexterity (left hand)
Scrolls
 f - a scroll of teleportation {unknown}
 j - a scroll of recharging {unknown}
 m - 3 scrolls of magic mapping {unknown}
 s - a scroll of remove curse {unknown}
 t - a scroll of fog {unknown}
 v - a scroll of enchant weapon {unknown}
Potions
 d - a potion of curing
 u - a potion of agility {unknown}
Books
 b - a book of Air

   Spells                             Type                      Level
   a - Shock                          Conjuration/Air              1
   b - Swiftness                      Charms/Air                   2
   c - Static Discharge               Conjuration/Air              3
   d - Airstrike                      Air                          4
   e - Lightning Bolt                 Conjuration/Air              5
Comestibles
 c - a bread ration
 p - 18 fruits


   Skills:
 + Level 4.2 Fighting
 - Level 2.1 Dodging
 - Level 2.0 Stealth
 - Level 2.0 Spellcasting
 - Level 1.3 Conjurations
 - Level 4.0 Air Magic


You had 6 spell levels left.
You knew the following spells:

 Your Spells              Type           Power        Failure   Level  Hunger
a - Shock                 Conj/Air       #...         100%        1    #......


Dungeon Overview and Level Annotations

Branches:
Dungeon (3/15)

Altars:
Kikubaaqudgha

Annotations:
D:3 inmateoo's ghost, weakling TeFi


Innate Abilities, Weirdness & Mutations

You have a beak for a mouth.
You have claws for feet.


Message History

Your chain mail prevents you from hitting inmateoo's ghost.
Your peck misses inmateoo's ghost.
Inmateoo's ghost is heavily damaged.
Inmateoo's ghost hits you. Inmateoo's ghost burns you.
You block inmateoo's ghost's attack.
You hit inmateoo's ghost but do no damage.
Inmateoo's ghost is heavily damaged.
Inmateoo's ghost hits you. Inmateoo's ghost burns you.
* * * LOW HITPOINT WARNING * * *
You hit inmateoo's ghost but do no damage.
Inmateoo's ghost is heavily damaged.
Inmateoo's ghost barely misses you.
You feel yourself speed up. Inmateoo's ghost hits you.
* * * LOW HITPOINT WARNING * * *
Inmateoo's ghost burns you.
* * * LOW HITPOINT WARNING * * *
It was a potion of resistance.
You feel protected. Inmateoo's ghost hits you!
You die...

# #.. #... .. ##.
#.####.##..
#..###........
#...#......##
#.##.....(..####.#
#.##.(...........#.
#.##................
#.##(......#.#####..
#KW@.##.##.#.#
#.#####.##...# #.#
#.##>.##
#.#####.##..#
#.......##..#
#W########..###
#K########.....
#.##........###
#.†....K....#


You could see inmateoo's ghost and a kobold.

Vanquished Creatures
  5 adders (D:2)
  A worm (D:2)
  A leopard gecko (D:2)
  An orc (D:3)
  8 bats
  4 giant cockroaches
  5 goblins
  6 hobgoblins
  8 kobolds
  2 ball pythons
  3 frilled lizards (D:2)
  9 rats
53 creatures vanquished.

Notes
Turn   | Place    | Note
-------+----------+-------------------------------------------
     0 | D:1      | MTVSty1e the Tengu Air Elementalist began the quest for the Orb.
     0 | D:1      | Reached XP level 1. HP: 10/10 MP: 4/4
   166 | D:1      | Reached skill level 1 in Fighting
   297 | D:1      | Reached XP level 2. HP: 12/16 MP: 6/6
  1054 | D:2      | Reached XP level 3. HP: 17/22 MP: 7/7
  1613 | D:2      | Found an ancient bone altar of Kikubaaqudgha.
  1795 | D:2      | Reached XP level 4. HP: 17/28 MP: 8/8
  3380 | D:3      | Noticed inmateoo's ghost (weakling TeFi)
  3794 | D:3      | Slain by inmateoo's ghost

Skill      XL: |  1  2  3  4 |
---------------+-------------+-----
Fighting       | 1 2 3 4 |  4.2
Dodging        | |  2.1
Stealth        | |  2.0
Spellcasting   | |  2.0
Conjurations   | |  1.3
Air Magic      | |  4.0

Action                   |  1- 3 |  4- 6 || total
-------------------------+-------+-------++-------
Melee: Whip              |    18 |       ||    18
       Kick              |    31 |    26 ||    57
       Peck              |    17 |     7 ||    24
       Unarmed           |     1 |       ||     1
       Hand axe          |   123 |   113 ||   236
 Cast: Shock             |     5 |       ||     5
  Use: Potion            |     1 |     7 ||     8
  Eat: Meat ration       |     1 |     1 ||     2
       Royal jelly       |       |     1 ||     1
Armor: Chain mail        |   134 |    64 ||   198
       Skin              |     4 |    13 ||    17
Dodge: Dodged            |    19 |    16 ||    35
Block: Buckler           |    27 |    22 ||    49
